[Event "Titled Tuesday Blitz November 15 Early 2022"]
[White "Piesik, Piotr"]
[Black "Levitan, Caleb Levi"]
[WhiteFideId "1136194"]
[BlackFideId "14332620"]
[WhiteElo "2316"]
[BlackElo "1963"]
[Result "0-1"]
[Round "01"]
[TimeControl "180+1"]
[Date "2022.11.16"]
[WhiteClock "0:00:19"]
[BlackClock "0:00:09"]

1. Nf3 Nf6 2. g3 d5 3. Bg2 Bf5 4. O-O e6 5. c4 c6 6. cxd5 exd5 7. d3 Be7 8. Qb3 Qc8 9. Nc3 O-O 10. Re1 Nbd7 11. e4 dxe4 12. dxe4 Be6 13. Qc2 Rd8 14. Nd4 Nc5 15. Nxe6 Nxe6 16. Be3 Nd4 17. Qa4 b5 18. Qd1 Bc5 19. e5 Ng4 20. Bxd4 Bxd4 21. Qf3 Bxf2+ 22. Kh1 Bxe1 23. Rxe1 Qe6 24. h3 Nxe5 25. Qh5 Re8 26. Ne4 Qg6 27. Qh4 Nd3 28. Re2 f5 29. Nc3 Rxe2 30. Nxe2 Re8 31. Nd4 f4 32. g4 f3 33. Bxf3 Re1+ 34. Kg2 Qd6 35. Ne2 Rxe2+ 36. Bxe2 Nf4+ 37. Kf3 Nxe2 38. Kxe2 Qe5+ 39. Kf3 Qxb2 40. Qd8+ Kf7 41. Qd7+ Kg6 42. Qe8+ Kf6 43. Qxc6+ Kf7 44. Qb7+ Kf8 45. Qb8+ Kf7 46. Qxa7+ Kf8 47. Qc5+ Kf7 48. Qh5+ Kf8 49. Qf5+ Kg8 50. Qd5+ Kf8 51. h4 Qa3+ 52. Kf4 Qb4+ 53. Kf5 Qb1+ 54. Ke5 Qe1+ 55. Kd6 Qxh4 56. Qf5+ Qf6+ 57. Qxf6+ gxf6 58. Kc6 f5 59. gxf5 h5 60. Kd5 h4 61. Ke4 Kf7 62. Kf4 Kf6 63. Kg4 b4 64. Kxh4 Kxf5 65. Kg3 Ke4 66. Kf2 Kd3 67. Ke1 Kc2 68. Ke2 Kb2 0-1


[Site "https://www.chess.com"]

[Event "Titled Tuesday Blitz November 15 Early 2022"]
[White "Pinero Rodriguez, Carlos Jose"]
[Black "Kosteniuk, Alexandra"]
[WhiteFideId "3901726"]
[BlackFideId "4128125"]
[WhiteElo "2146"]
[BlackElo "2469"]
[Result "1/2-1/2"]
[Round "01"]
[TimeControl "180+1"]
[Date "2022.11.16"]
[WhiteClock "0:00:20"]
[BlackClock "0:01:16"]

1. e4 c6 2. Nc3 d5 3. Nf3 dxe4 4. Nxe4 Nf6 5. Nxf6+ exf6 6. d4 Bd6 7. Bd3 O-O 8. Be3 Re8 9. O-O Nd7 10. h3 Nf8 11. Re1 Ng6 12. Qd2 Be6 13. Bxg6 hxg6 14. Bf4 Qc7 15. Bxd6 Qxd6 16. a3 g5 17. Qb4 Qd7 18. Rad1 Rad8 19. Qc5 b6 20. Qc3 Bd5 21. Rxe8+ Rxe8 22. Re1 Re6 23. Rxe6 Qxe6 24. Qe3 Be4 25. c3 g4 26. Nd2 Bf5 27. Qxe6 fxe6 28. hxg4 Bxg4 29. f3 Bf5 30. Kf2 Kf7 31. Ke3 g5 32. Nc4 Ke7 33. g4 Bg6 34. f4 gxf4+ 35. Kxf4 Bd3 36. Ne3 c5 37. g5 fxg5+ 38. Kxg5 cxd4 39. cxd4 Kd6 40. Kf6 a5 41. b4 axb4 42. axb4 b5 43. Kg5 e5 44. dxe5+ Kxe5 45. Kg4 Kd4 46. Kf4 Be4 47. Ng4 Bd5 48. Ne5 Kc3 49. Ke3 Kxb4 50. Kd4 Bc4 51. Nc6+ Ka4 52. Kc3 Ka3 53. Nd4 Bf1 54. Nxb5+ 1/2-1/2


[Site "https://www.chess.com"]

[Event "Titled Tuesday Blitz November 15 Early 2022"]
[White "Pinheiro, Iung Alicio de O."]
[Black "Pg, Mohd Omar Ak Hira"]
[WhiteFideId "2104350"]
[BlackFideId "10500103"]
[WhiteElo "2283"]
[BlackElo "2184"]
[Result "0-1"]
[Round "01"]
[TimeControl "180+1"]
[Date "2022.11.16"]
[WhiteClock "0:00:06"]
[BlackClock "0:00:16"]

1. e4 c5 2. Nf3 Nc6 3. c3 d5 4. exd5 Qxd5 5. d4 cxd4 6. cxd4 e5 7. Nc3 Bb4 8. Bd2 Bxc3 9. Bxc3 e4 10. Nd2 Nf6 11. Bc4 Qg5 12. d5 Qxg2 13. Rf1 Ne7 14. Bxf6 gxf6 15. Bb5+ Kf8 16. d6 Nc6 17. Qh5 Bg4 18. Qh6+ Kg8 19. Qxf6 Nb4 20. Qc3 a5 21. d7 Rd8 22. a3 Nc6 23. Be2 Bxe2 24. Kxe2 Qg4+ 25. f3 exf3+ 26. Nxf3 Qxd7 27. Rg1+ Kf8 28. Qxh8+ Ke7 29. Rae1 Rxh8 30. Kf2+ Kf8 31. Re2 Qf5 32. Rge1 h5 33. Re4 Kg7 34. Rg1+ Kh6 35. Rh4 Ne5 36. Rg3 Nxf3 37. Rxf3 Qc2+ 38. Kf1 Qd1+ 39. Kf2 Qd2+ 40. Kf1 Qc1+ 41. Kf2 Qxb2+ 42. Kf1 Qa1+ 43. Kf2 Qa2+ 44. Kf1 Qb1+ 45. Kf2 Qc2+ 46. Kf1 Rd8 47. Rf6+ Kg7 48. Rf2 Rd1+ 49. Kg2 Rd2 50. Rf4 Rxf2+ 51. Rxf2 Qxf2+ 52. Kxf2 b5 53. Ke3 b4 54. axb4 axb4 55. Kd4 Kg6 56. Kc4 Kf5 57. Kxb4 Ke4 58. Kc4 f5 59. Kc3 Ke3 60. Kc2 Ke2 61. Kc3 f4 62. Kd4 f3 63. Ke4 f2 64. Kf4 f1=Q+ 65. Kg5 Qh3 66. Kh6 Qxh2 67. Kg5 h4 68. Kg4 h3 69. Kh5 Qg2 70. Kh4 h2 71. Kh5 h1=Q# 0-1


[Site "https://www.chess.com"]

[Event "Titled Tuesday Blitz November 15 Early 2022"]
[White "Potapova, Margarita"]
[Black "Eljanov, Pavel"]
[WhiteFideId "14126869"]
[BlackFideId "14102951"]
[WhiteElo "2272"]
[BlackElo "2601"]
[Result "1-0"]
[Round "01"]
[TimeControl "180+1"]
[Date "2022.11.16"]
[WhiteClock "0:00:04"]
[BlackClock "0:00:35"]

1. d4 d5 2. c4 c6 3. cxd5 cxd5 4. Bf4 Nc6 5. e3 Bf5 6. Nc3 e6 7. Rc1 Bd6 8. Bxd6 Qxd6 9. Qb3 Nge7 10. Nf3 O-O 11. Be2 Na5 12. Qd1 Rac8 13. O-O Nc4 14. b3 Na3 15. Qd2 Rc7 16. Nb5 Nxb5 17. Bxb5 Rfc8 18. h3 Rc2 19. Rxc2 Rxc2 20. Qa5 Qb6 21. Qxb6 axb6 22. a4 Nc8 23. Ne5 Nd6 24. g4 Bg6 25. h4 f6 26. Nxg6 hxg6 27. Bd3 Rc3 28. Bxg6 Rxb3 29. Rc1 Nc4 30. Kg2 Kf8 31. Kg3 Ke7 32. h5 Ra3 33. Rh1 Rxa4 34. h6 gxh6 35. Rxh6 Nd6 36. Rh7+ Kd8 37. Bf7 Ne4+ 38. Kg2 Ng5 39. Rh8+ Kc7 40. Bg6 b5 41. f4 Ne4 42. Bxe4 dxe4 43. g5 fxg5 44. fxg5 Ra2+ 45. Kg3 Ra1 46. Kg2 Ra2+ 47. Kg3 Re2 48. Kf4 Rg2 49. Rh7+ Kc6 50. Re7 b4 51. Rxe6+ Kb5 52. Re5+ Ka4 53. Re7 b6 54. Rb7 Kb5 55. Ra7 b3 56. Ra1 Kb4 57. Rd1 b2 58. d5 Rc2 59. Rb1 Kc3 60. d6 Rc1 61. Rxb2 Kxb2 62. g6 Rc8 63. Kxe4 b5 64. Kd5 b4 65. e4 b3 66. e5 Ka3 67. d7 b2 68. dxc8=Q 1-0


[Site "https://www.chess.com"]

[Event "Titled Tuesday Blitz November 15 Early 2022"]
[White "Przybylski, Wojciech"]
[Black "Vargas, Mauricio"]
[WhiteFideId "1117599"]
[BlackFideId "4404572"]
[WhiteElo "2221"]
[BlackElo "2025"]
[Result "1-0"]
[Round "01"]
[TimeControl "180+1"]
[Date "2022.11.16"]
[WhiteClock "0:01:03"]
[BlackClock "0:00:09"]

1. e4 d5 2. exd5 Qxd5 3. Qf3 Qa5 4. Qc3 Qb6 5. Qb3 Nd7 6. Nf3 Ngf6 7. d4 c6 8. Be3 Qc7 9. c4 e6 10. Nc3 Be7 11. Bd3 O-O 12. O-O Ng4 13. Bd2 b6 14. h3 Ngf6 15. Rfe1 Bb7 16. Rad1 Rad8 17. Qc2 c5 18. Ne4 cxd4 19. Nxf6+ Bxf6 20. Bxh7+ Kh8 21. Be4 Nc5 22. Bxb7 Qxb7 23. Bf4 Rfe8 24. Be5 1-0


[Site "https://www.chess.com"]

[Event "Titled Tuesday Blitz November 15 Early 2022"]
[White "Quintiliano Pinto, Renato R."]
[Black "Chernov, Mikhail"]
[WhiteFideId "2117568"]
[BlackFideId "24143170"]
[WhiteElo "2472"]
[BlackElo "2113"]
[Result "1-0"]
[Round "01"]
[TimeControl "180+1"]
[Date "2022.11.16"]
[WhiteClock "0:02:13"]
[BlackClock "0:01:05"]

1. Nf3 c5 2. c4 Nc6 3. g3 e5 4. Bg2 g6 5. O-O Bg7 6. Nc3 d6 7. a3 a5 8. d3 Nge7 9. Ne1 O-O 10. Nc2 Be6 11. Ne3 h6 12. Rb1 Rb8 13. Bd2 Kh7 14. Ned5 f5 15. b4 axb4 16. axb4 b6 17. Qa4 Bd7 18. b5 Nd4 19. e3 Nxd5 20. Nxd5 Ra8 21. Qxa8 Qxa8 22. Nf6+ Bxf6 23. Bxa8 Ne2+ 24. Kg2 Rxa8 25. Ra1 Bc8 26. Rxa8 Bb7+ 27. f3 Bxa8 28. Ra1 1-0


[Site "https://www.chess.com"]

[Event "Titled Tuesday Blitz November 15 Early 2022"]
[White "Quizon, Daniel"]
[Black "Ahn, Hongjin"]
[WhiteFideId "5217911"]
[BlackFideId "13201492"]
[WhiteElo "2380"]
[BlackElo "2182"]
[Result "1-0"]
[Round "01"]
[TimeControl "180+1"]
[Date "2022.11.16"]
[WhiteClock "0:00:24"]
[BlackClock "0:00:09"]

1. Nf3 Nf6 2. g3 g6 3. Bg2 Bg7 4. O-O O-O 5. d4 d6 6. c4 Bf5 7. Nc3 Ne4 8. Nh4 Nxc3 9. bxc3 Bc8 10. e4 c6 11. f4 f5 12. exf5 gxf5 13. Be3 e6 14. d5 Bxc3 15. Rc1 Bg7 16. dxc6 Nxc6 17. Qd2 e5 18. fxe5 dxe5 19. Bd5+ Kh8 20. Bg5 Qb6+ 21. Kh1 Nd4 22. c5 Qa6 23. Be7 Re8 24. Bd6 Be6 25. Bxe6 Rxe6 26. Nxf5 Qc6+ 27. Kg1 Nf3+ 28. Rxf3 Qxf3 29. Nxg7 Kxg7 30. Qg5+ Rg6 31. Qxe5+ Kg8 32. Rf1 Qd3 33. h4 Rd8 34. h5 Rg7 35. Qe6+ Kh8 36. Be5 Qe3+ 37. Kg2 Qe2+ 38. Rf2 Qe4+ 39. Kh2 Qd5 40. Bxg7+ Kxg7 41. h6+ Kh8 42. Qf6+ Kg8 43. Qg7# 1-0


[Site "https://www.chess.com"]

[Event "Titled Tuesday Blitz November 15 Early 2022"]
[White "Raahul V S"]
[Black "Adithya A Chullikkad"]
[WhiteFideId "25035525"]
[BlackFideId "45078734"]
[WhiteElo "2233"]
[BlackElo "2106"]
[Result "1-0"]
[Round "01"]
[TimeControl "180+1"]
[Date "2022.11.16"]
[WhiteClock "0:02:28"]
[BlackClock "0:02:34"]

1. c4 c6 2. e4 d5 3. exd5 cxd5 4. cxd5 Qxd5 5. Nc3 Qd8 6. d4 Nf6 7. Nf3 g6 8. Qa4+ Bd7 9. Qb3 Bg7 10. Qxb7 Bc6 11. Bb5 Bxb5 12. Qxb5+ Nbd7 13. O-O Kf8 14. Bf4 h6 15. Rfe1 g5 16. Bg3 Nh5 17. Ne5 Nxg3 18. Nxd7+ 1-0


[Site "https://www.chess.com"]

[Event "Titled Tuesday Blitz November 15 Early 2022"]
[White "Rangel, Daniel"]
[Black "Seo, Jung Min"]
[WhiteFideId "2124475"]
[BlackFideId "1734687"]
[WhiteElo "2225"]
[BlackElo "2455"]
[Result "1-0"]
[Round "01"]
[TimeControl "180+1"]
[Date "2022.11.16"]
[WhiteClock "0:00:16"]
[BlackClock "0:00:12"]

1. c4 Nf6 2. g3 e6 3. Bg2 d5 4. cxd5 exd5 5. b3 Be7 6. Bb2 O-O 7. e3 Bf5 8. Ne2 Nbd7 9. O-O Nc5 10. d4 Nd3 11. Ba3 Nb4 12. Bxb4 Bxb4 13. a3 Bd6 14. Nbc3 c6 15. b4 a6 16. Qb3 h5 17. a4 h4 18. b5 h3 19. Bh1 axb5 20. axb5 Rc8 21. Ra7 Qb6 22. Rfa1 Rfe8 23. Qa4 Ng4 24. Qa5 Qxa5 25. R7xa5 Bd3 26. b6 Re7 27. Ra8 Rxa8 28. Rxa8+ Kh7 29. Bf3 f5 30. Nf4 Bc2 31. Nxh3 Nf6 32. Ng5+ Kg6 33. h4 Ne4 34. Ncxe4 dxe4 35. Be2 Bb4 36. Bc4 Bd3 37. Ra4 Bc3 38. Bxd3 exd3 39. Kf1 Rd7 40. Nf3 Rd5 41. Ne5+ Kh5 42. Nxd3 Rb5 43. Ra3 Bd2 44. Ke2 1-0


[Site "https://www.chess.com"]

[Event "Titled Tuesday Blitz November 15 Early 2022"]
[White "Rios Escobar, Adan"]
[Black "Aradhya, Garg"]
[WhiteFideId "3403645"]
[BlackFideId "25006746"]
[WhiteElo "2347"]
[BlackElo "2223"]
[Result "0-1"]
[Round "01"]
[TimeControl "180+1"]
[Date "2022.11.16"]
[WhiteClock "0:00:04"]
[BlackClock "0:01:53"]

1. d4 d5 2. c4 c6 3. Nf3 Nf6 4. g3 g6 5. Bg2 Bg7 6. O-O dxc4 7. a4 Be6 8. Ng5 Bd5 9. e4 h6 10. exd5 hxg5 11. dxc6 Nxc6 12. Na3 O-O 13. d5 Nb4 14. d6 Qxd6 15. Qxd6 exd6 16. Bxb7 Rab8 17. Bg2 Rfc8 18. Nb5 d5 19. Nxa7 Rc5 20. Be3 Ra5 21. Rfd1 Ng4 22. Nb5 Nxe3 23. fxe3 Bxb2 24. Rab1 c3 25. Nxc3 Bxc3 26. Bxd5 Rxa4 27. e4 Kg7 28. Rb3 Be5 29. Rf1 Nxd5 30. Rxb8 Bxb8 31. exd5 Rd4 32. Rb1 Ba7 33. Rb7 Bc5 34. Kg2 Rxd5 35. g4 Rd2+ 36. Kh3 Rd3+ 37. Kg2 Bd6 38. Rb2 Bf4 39. Ra2 Rd2+ 40. Rxd2 Bxd2 41. Kf3 Bf4 42. Ke4 Kf6 43. h3 Ke6 44. h4 f5+ 45. Kf3 Ke5 46. h5 gxh5 47. gxh5 g4+ 48. Kg2 Bh6 49. Kg3 Ke4 50. Kh4 Ke3 51. Kg3 Bg5 52. h6 Bxh6 53. Kh4 Kf3 54. Kh5 Be3 55. Kg6 f4 56. Kf5 g3 57. Kg5 g2 58. Kh4 g1=Q 59. Kh5 Qg7 60. Kh4 Qh6# 0-1


[Site "https://www.chess.com"]

[Event "Titled Tuesday Blitz November 15 Early 2022"]
[White "Ristic, Nebojsa B"]
[Black "Marchesich, Giovanni"]
[WhiteFideId "935468"]
[BlackFideId "2824790"]
[WhiteElo "2320"]
[BlackElo "2200"]
[Result "1-0"]
[Round "01"]
[TimeControl "180+1"]
[Date "2022.11.16"]
[WhiteClock "0:01:58"]
[BlackClock "0:01:13"]

1. d4 Nf6 2. Bf4 d5 3. e3 c5 4. Nf3 Nc6 5. Nbd2 Qb6 6. dxc5 Qxb2 7. Rb1 Qc3 8. Bb5 Qxc5 9. O-O e6 10. Ne5 Nd7 11. c4 Bd6 12. Nb3 Qa3 13. Nxc6 Bxf4 14. exf4 bxc6 15. Bxc6 Rb8 16. cxd5 O-O 17. dxe6 fxe6 18. Bxd7 Rd8 19. Nc5 Qxc5 20. Rxb8 Rxd7 21. Qxd7 1-0


[Site "https://www.chess.com"]

[Event "Titled Tuesday Blitz November 15 Early 2022"]
[White "Rodriguez Fontecha, Marcos"]
[Black "Jones, Gawain C B"]
[WhiteFideId "2256576"]
[BlackFideId "409561"]
[WhiteElo "2487"]
[BlackElo "2910"]
[Result "1/2-1/2"]
[Round "01"]
[TimeControl "180+1"]
[Date "2022.11.16"]
[WhiteClock "0:00:05"]
[BlackClock "0:00:06"]

1. d4 Nf6 2. Nf3 g6 3. Bg5 Bg7 4. c3 O-O 5. Nbd2 d6 6. e4 h6 7. Bh4 c5 8. dxc5 dxc5 9. Bc4 Nc6 10. O-O Nh5 11. Qe2 Qc7 12. Qe3 b6 13. Rfe1 Na5 14. Bd3 Nf4 15. Bc2 e5 16. Rad1 Be6 17. Bb1 Rfe8 18. b3 Nc6 19. Nf1 a5 20. Bc2 a4 21. Ra1 Na5 22. N3d2 Bf8 23. Bg3 Nh5 24. Qe2 Red8 25. Ne3 Nf4 26. Bxf4 exf4 27. Nec4 axb3 28. axb3 Nc6 29. Nf3 Rxa1 30. Rxa1 b5 31. Ncd2 b4 32. c4 Bg7 33. Ra2 Qd7 34. h3 g5 35. e5 Nd4 36. Nxd4 Qxd4 37. Nf3 Qc3 38. Qe4 Kf8 39. Kh2 Rc8 40. Ra8 Rxa8 41. Qxa8+ Ke7 42. Qb7+ Kd8 43. Qb8+ Ke7 44. Qd6+ Ke8 45. Qb8+ Ke7 46. Qd6+ Ke8 47. Be4 Bd7 48. e6 fxe6 49. Bg6+ Kd8 50. Qb8+ Ke7 51. Qg8 Qf6 52. Be4 Qf8 53. Qh7 Kd6 54. Qg6 Be8 55. Qh7 Bf7 56. Bb7 e5 57. Qe4 Qe8 58. Bd5 Bg6 59. Qe1 e4 60. Nd2 e3 61. Nf3 Bc3 62. Qe2 Bd4 63. fxe3 Qxe3 64. Qa2 Qe8 65. Qa6+ Ke7 66. Qe6+ Kd8 67. Qd6+ Kc8 68. Be6+ Kb7 69. Bd5+ Kc8 70. Qa6+ Kd8 71. Qb6+ Ke7 72. Qe6+ Kf8 73. Qg8+ Ke7 74. Qe6+ 1/2-1/2


[Site "https://www.chess.com"]

[Event "Titled Tuesday Blitz November 15 Early 2022"]
[White "Rohith Krishna S"]
[Black "Van Foreest, Machteld"]
[WhiteFideId "46617051"]
[BlackFideId "1051563"]
[WhiteElo "2270"]
[BlackElo "2018"]
[Result "1-0"]
[Round "01"]
[TimeControl "180+1"]
[Date "2022.11.16"]
[WhiteClock "0:00:19"]
[BlackClock "0:00:13"]

1. e4 c5 2. g3 e6 3. Bg2 d5 4. exd5 exd5 5. d4 Nf6 6. Ne2 Be7 7. O-O O-O 8. Nbc3 Be6 9. Bg5 Nc6 10. Rb1 Qd7 11. dxc5 Rfd8 12. Nf4 d4 13. Bxf6 gxf6 14. Ncd5 Bg4 15. Qd2 Ne5 16. Qxd4 Rac8 17. b4 Kf8 18. Rfe1 b6 19. Rxe5 bxc5 20. Qa1 fxe5 21. Qxe5 f6 22. Nxf6 Bxf6 23. Qxf6+ Qf7 24. Qh6+ Qg7 25. Qa6 Kg8 26. h3 Bf5 27. g4 Bxc2 28. Qc4+ Qf7 29. Qxc2 Qxf4 30. bxc5 Rd2 31. Qb3+ Kh8 32. Qc3+ Kg8 33. Rf1 Rcd8 34. c6 Qd4 35. Qb3+ Qd5 36. Bxd5+ 1-0


[Site "https://www.chess.com"]

[Event "Titled Tuesday Blitz November 15 Early 2022"]
[White "Ronka, Erik"]
[Black "Pranav, V"]
[WhiteFideId "505080"]
[BlackFideId "25060783"]
[WhiteElo "2264"]
[BlackElo "2430"]
[Result "1-0"]
[Round "01"]
[TimeControl "180+1"]
[Date "2022.11.15"]
[WhiteClock "0:00:06"]
[BlackClock "0:00:01"]

1. e4 c5 2. Nf3 Nc6 3. d4 cxd4 4. Nxd4 Nf6 5. Nc3 e5 6. Ndb5 d6 7. Bg5 a6 8. Na3 b5 9. Bxf6 gxf6 10. Nd5 f5 11. Bd3 Be6 12. c3 Bg7 13. Nxb5 axb5 14. Bxb5 Bd7 15. exf5 O-O 16. O-O e4 17. a4 Ne5 18. f6 Bxf6 19. Nxf6+ Qxf6 20. Bxd7 Kh8 21. Bh3 Rg8 22. Kh1 Nd3 23. Qe2 Rae8 24. g3 d5 25. Rad1 Rb8 26. Rd2 Qh6 27. Bg2 Rg7 28. b4 Qa6 29. f3 f5 30. fxe4 fxe4 31. a5 Qc4 32. Rc2 Rc8 33. Bh3 Rd8 34. Qd2 Re8 35. Qe3 Rc7 36. Qh6 Rg7 37. Qd6 Ne5 38. Rf8+ Rxf8 39. Qxf8+ Rg8 40. Qf6+ Rg7 41. Qxe5 h6 42. Rf2 Kg8 43. Be6+ Kh7 44. Rf8 Rg6 45. Qf5 1-0


[Site "https://www.chess.com"]

[Event "Titled Tuesday Blitz November 15 Early 2022"]
[White "Rosh Jain"]
[Black "Shuvalov, Evgenij"]
[WhiteFideId "25789465"]
[BlackFideId "4187237"]
[WhiteElo "2233"]
[BlackElo "2049"]
[Result "1-0"]
[Round "01"]
[TimeControl "180+1"]
[Date "2022.11.16"]
[WhiteClock "0:01:46"]
[BlackClock "0:01:14"]

1. e4 e6 2. d4 d5 3. Nc3 Bb4 4. exd5 exd5 5. Qf3 c6 6. Bd3 Qf6 7. Bf4 Qxd4 8. Ne2 Qf6 9. O-O-O g5 10. Qe3+ Be7 11. Be5 Qe6 12. Bxh8 Qxe3+ 13. fxe3 f6 14. Bxh7 Nh6 15. Bg7 Ng4 16. Bg6+ Kd8 17. Rd2 Nd7 18. e4 Nde5 19. Bh5 Be6 20. exd5 cxd5 21. Nxd5 Bxd5 22. Rxd5+ Kc7 23. h3 Ne3 24. Rxe5 fxe5 25. Bxe5+ Bd6 26. Bxd6+ Kxd6 27. Nc3 Nxg2 28. Ne4+ Kc7 29. Nxg5 Rg8 30. Ne6+ Kb6 31. Kd2 Rh8 32. Bg4 Nh4 33. Ke3 Re8 34. Rd1 Kc6 35. Kf2 Re7 36. Nd4+ Kb6 37. Nf3 Ng6 38. Rd6+ 1-0


[Site "https://www.chess.com"]

[Event "Titled Tuesday Blitz November 15 Early 2022"]
[White "Sailer, Mike"]
[Black "Goltseva, Ekaterina"]
[WhiteFideId "2012901"]
[BlackFideId "24173770"]
[WhiteElo "2109"]
[BlackElo "2200"]
[Result "0-1"]
[Round "01"]
[TimeControl "180+1"]
[Date "2022.11.16"]
[WhiteClock "0:00:21"]
[BlackClock "0:00:08"]

1. Nf3 d5 2. c4 dxc4 3. Qa4+ Nd7 4. Qxc4 Ngf6 5. g3 a6 6. Bg2 b5 7. Qc2 Bb7 8. O-O c5 9. Rd1 Rc8 10. b3 e6 11. Bb2 Be7 12. a4 O-O 13. axb5 axb5 14. Nc3 Qb6 15. Ra2 c4 16. bxc4 bxc4 17. Rb1 Ng4 18. Nd1 Qb3 19. Bd4 Qxc2 20. Rxc2 Be4 21. d3 cxd3 22. Rxc8 Rxc8 23. exd3 Bxd3 24. Ra1 h6 25. h3 Ngf6 26. Ne3 Bd6 27. Rd1 Be2 28. Re1 Ba6 29. Ra1 Bb7 30. Ne1 Bxg2 31. Kxg2 e5 32. Bb2 Rb8 33. Ba3 Ra8 34. Bb2 Rb8 35. Ba3 Bxa3 36. Rxa3 Rb2 37. Nd3 Rb1 38. Ra5 e4 39. Nc5 Ne5 40. Ra4 Nf3 41. Nf1 Ne1+ 42. Kh2 Rb2 43. Kg1 Nf3+ 44. Kg2 Ne1+ 45. Kg1 Nd3 46. Nxe4 Nxe4 47. Rxe4 Nxf2 48. h4 Nxe4 0-1


[Site "https://www.chess.com"]

[Event "Titled Tuesday Blitz November 15 Early 2022"]
[White "Salman, Pavel"]
[Black "Savic, Miroslav"]
[WhiteFideId "24153753"]
[BlackFideId "14508494"]
[WhiteElo "2187"]
[BlackElo "2209"]
[Result "1-0"]
[Round "01"]
[TimeControl "180+1"]
[Date "2022.11.16"]
[WhiteClock "0:00:37"]
[BlackClock "0:00:59"]

1. d4 Nf6 2. Nc3 e6 3. Bf4 Bb4 4. Qd3 Bxc3+ 5. bxc3 c5 6. Nf3 Qa5 7. Bd6 cxd4 8. Nxd4 a6 9. e4 Nc6 10. Nxc6 dxc6 11. Be2 Nxe4 12. Bb4 Qd5 13. O-O Qxd3 14. Bxd3 Nf6 15. Rad1 Nd5 16. Ba3 Nxc3 17. Rd2 Nb5 18. Bxb5 axb5 19. Rfd1 Rxa3 20. Rd8+ Ke7 21. Rxh8 Bd7 22. Rb8 Ra7 23. c3 e5 24. h3 Be6 25. a3 Bd5 26. Kh2 g6 27. f3 h5 28. h4 Rxa3 29. Rxb7+ Ke6 30. Rc1 Ra2 31. Kg3 f5 32. Rb8 f4+ 33. Kh3 Kf6 34. Rf8+ Ke7 35. Rb8 Be6+ 36. Kh2 Bd5 37. Kg1 Kf6 38. Rf8+ Ke7 39. Rb8 Rb2 40. c4 Bxc4 41. Rxc4 Rxg2+ 42. Kxg2 bxc4 43. Kf2 Kd6 44. Ke2 Kc5 45. Rg8 Kd4 46. Rxg6 c3 47. Rxc6 e4 48. fxe4 Kxe4 49. Rxc3 Kf5 50. Kf3 1-0


[Site "https://www.chess.com"]

[Event "Titled Tuesday Blitz November 15 Early 2022"]
[White "Samunenkov, Ihor"]
[Black "Kuznetsov, Mikhail"]
[WhiteFideId "14187086"]
[BlackFideId "4117190"]
[WhiteElo "2441"]
[BlackElo "1981"]
[Result "1-0"]
[Round "01"]
[TimeControl "180+1"]
[Date "2022.11.16"]
[WhiteClock "0:00:02"]
[BlackClock "0:00:01"]

1. d4 Nf6 2. c4 g6 3. Nc3 d5 4. cxd5 Nxd5 5. Bd2 Bg7 6. e4 Nb6 7. Be3 O-O 8. Be2 Nc6 9. Nf3 f5 10. Qb3+ Kh8 11. exf5 Bxf5 12. Rd1 Qd6 13. O-O Rad8 14. d5 Ne5 15. Nxe5 Bxe5 16. f4 Bg7 17. Bf3 Qd7 18. h3 h5 19. a4 a5 20. Bxb6 cxb6 21. Qxb6 Bc2 22. Rd2 Rxf4 23. Kh1 Bxa4 24. Qxg6 h4 25. d6 e6 26. Qh5+ Kg8 27. Qxa5 Bb3 28. Qg5 Rdf8 29. Re1 R8f5 30. Qe7 Rf7 31. Qxd7 Rxd7 32. Ne4 Bd5 33. Nc5 Rxd6 34. Nxe6 Rxe6 35. Bxd5 1-0


[Site "https://www.chess.com"]

[Event "Titled Tuesday Blitz November 15 Early 2022"]
[White "Sanal, Vahap"]
[Black "Papayan, Oleg"]
[WhiteFideId "6300545"]
[BlackFideId "4193911"]
[WhiteElo "2574"]
[BlackElo "2153"]
[Result "1-0"]
[Round "01"]
[TimeControl "180+1"]
[Date "2022.11.15"]
[WhiteClock "0:01:39"]
[BlackClock "0:00:19"]

1. Nf3 Nf6 2. g3 c5 3. c4 e6 4. Bg2 d5 5. cxd5 exd5 6. O-O d4 7. e3 dxe3 8. dxe3 Qxd1 9. Rxd1 Nc6 10. Nc3 a6 11. e4 Bg4 12. h3 Bxf3 13. Bxf3 Nd4 14. Bg2 O-O-O 15. Bf4 Be7 16. Kf1 Nh5 17. Bd2 Rhe8 18. Nd5 Nf6 19. Ba5 Rxd5 20. exd5 Bd8 21. Bxd8 Rxd8 22. Rac1 Nxd5 23. Rxd4 1-0


[Site "https://www.chess.com"]

[Event "Titled Tuesday Blitz November 15 Early 2022"]
[White "Sanchez Enriquez, Oscar Gerardo"]
[Black "Durarbayli, Vasif"]
[WhiteFideId "5106311"]
[BlackFideId "13402935"]
[WhiteElo "2375"]
[BlackElo "2586"]
[Result "0-1"]
[Round "01"]
[TimeControl "180+1"]
[Date "2022.11.16"]
[WhiteClock "0:00:05"]
[BlackClock "0:00:47"]

1. e4 c5 2. c3 Nf6 3. e5 Nd5 4. d4 cxd4 5. Nf3 Nc6 6. Bc4 Nb6 7. Bb3 d5 8. exd6 Qxd6 9. O-O Be6 10. Nxd4 Nxd4 11. cxd4 Bxb3 12. Qxb3 e6 13. Nc3 Be7 14. Be3 O-O 15. Rfd1 Rfd8 16. Rac1 Rac8 17. a3 h6 18. h3 Bf6 19. Ne4 Qe7 20. a4 Nd5 21. Nxf6+ Nxf6 22. d5 Nxd5 23. Rxc8 Rxc8 24. Bxa7 Rc6 25. Bd4 Qc7 26. g3 Rc1 27. Rxc1 Qxc1+ 28. Kg2 Qc6 29. Kh2 f6 30. a5 Kf7 31. Qd3 Qa4 32. Bc3 h5 33. Qf3 g6 34. Qd3 h4 35. g4 Qc6 36. Kg1 Nf4 37. Qf1 Qf3 38. Kh2 Nd3 39. Bd4 Qf4+ 40. Kh1 Qxd4 0-1


[Site "https://www.chess.com"]

[Event "Titled Tuesday Blitz November 15 Early 2022"]
[White "Sanchez, Robert"]
[Black "Darini, Pouria"]
[WhiteFideId "2034360"]
[BlackFideId "12502200"]
[WhiteElo "2286"]
[BlackElo "2483"]
[Result "0-1"]
[Round "01"]
[TimeControl "180+1"]
[Date "2022.11.16"]
[WhiteClock "0:00:33"]
[BlackClock "0:00:19"]

1. e4 c5 2. Nf3 Nc6 3. d4 cxd4 4. Nxd4 Nf6 5. Nc3 d6 6. f3 e5 7. Nb3 Be7 8. Be3 O-O 9. Qd2 a5 10. Bb5 Na7 11. Bxa7 Rxa7 12. O-O-O Be6 13. Kb1 Qb6 14. a4 Rc8 15. g4 Raa8 16. h4 Kf8 17. h5 h6 18. Rhg1 Nh7 19. f4 exf4 20. Qxf4 Ng5 21. Nd4 Bf6 22. Nxe6+ Nxe6 23. Qxd6+ Qxd6 24. Rxd6 Bxc3 25. bxc3 Rxc3 26. Rd7 Nc5 27. Rd4 Re3 28. Rf1 Rxe4 29. Rd5 Rc8 30. g5 hxg5 31. Rxg5 Ne6 32. Rgf5 Rc7 33. Rd1 Rb4+ 34. Kc1 Nd4 35. Rf2 Nxb5 36. axb5 Rxb5 37. Re2 f6 38. Rd8+ Kf7 39. Rh2 Rbc5 40. Kb2 b5 41. h6 gxh6 42. Rxh6 Rxc2+ 0-1


[Site "https://www.chess.com"]

[Event "Titled Tuesday Blitz November 15 Early 2022"]
[White "Santos Flores, Alberto"]
[Black "Lenderman, Aleksandr"]
[WhiteFideId "3601234"]
[BlackFideId "2021285"]
[WhiteElo "2235"]
[BlackElo "2607"]
[Result "0-1"]
[Round "01"]
[TimeControl "180+1"]
[Date "2022.11.15"]
[WhiteClock "0:00:02"]
[BlackClock "0:00:31"]

1. e4 g6 2. d4 Nf6 3. e5 Nh5 4. Nf3 d6 5. Bc4 Bg7 6. Qe2 Nc6 7. c3 dxe5 8. dxe5 O-O 9. h3 Bh8 10. O-O Ng7 11. Rd1 Qe8 12. Nbd2 Be6 13. Ne4 Rd8 14. Bf4 Bxc4 15. Qxc4 Ne6 16. Bg3 Bg7 17. b4 Rxd1+ 18. Rxd1 Qc8 19. b5 Rd8 20. Rxd8+ Ncxd8 21. a4 c6 22. Qb4 Qd7 23. Nc5 Nxc5 24. Qxc5 cxb5 25. axb5 Ne6 26. Qxa7 Qxb5 27. Qb8+ Bf8 28. Qc8 Kg7 29. Kh2 h5 30. c4 Qc6 31. Qxc6 bxc6 32. Nd2 g5 33. f3 Kg6 34. Bf2 Bg7 35. Ne4 Bxe5+ 36. Kg1 f5 37. Nc5 Nxc5 38. Bxc5 Bd6 39. Be3 g4 40. hxg4 fxg4 41. fxg4 hxg4 42. Kf2 Kf5 43. Bb6 Ke4 44. Ke2 Be5 45. Bf2 Bd4 46. Bg3 e5 47. Bh2 Bc5 48. Bg3 Kd4 49. Kd2 Bd6 50. c5 Bxc5 51. Bf2+ Kd5 52. Bg3 Bd4 53. Bh4 c5 54. Bg5 c4 55. Kc2 e4 56. Kd2 c3+ 57. Kc2 Kc4 58. Bh6 e3 59. Bg5 e2 60. Bh4 Be5 61. Be1 g3 62. Kc1 Kd3 63. Kb1 c2+ 64. Kc1 Bf4+ 0-1


[Site "https://www.chess.com"]